 Dungeon Crawl Stone Soup version 0.27-a0-1559-g299f9947c5 (webtiles) character file.

Game seed: 3131657690679237198

0 BlueGoblin the Skirmisher (level 1, 0/19 HPs)
             Began as a Palentonga Fighter on July 16, 2021.
             Frozen to death by an endoplasm (5 damage)
             ... on level 1 of the Dungeon.
             The game lasted 00:00:18 (44 turns).

BlueGoblin the Skirmisher (Palentonga Fighter)        Turns: 44, Time: 00:00:19

Health: 0/19       AC:  6    Str: 19    XL:     1   Next: 8%
Magic:  1/1        EV:  5    Int:  8    God:
Gold:   14         SH:  8    Dex:  9    Spells: 0/0 levels left

rFire    . . .     SeeInvis +   a - +0 flail
rCold    . . .     Faith    .   c - +0 kite shield
rNeg     . . .     Spirit   .   b - +0 scale mail
rPois    .         Reflect  .   (no helmet)
rElec    .         Harm     .   (no cloak)
rCorr    .         Rampage  .   (no gloves)
Will     .....                  (no barding)
Stlth    ..........             (no amulet)
HPRegen  0.06/turn              (no ring)
MPRegen  0.07/turn              (no ring)

@: mighty
A: large, rugged brown scales 3, see invisible, deformed body, roll 1, armoured
tail
a: Rolling Charge


You were on level 1 of the Dungeon.
You visited 1 branch of the dungeon, and saw 1 of its levels.

You collected 14 gold pieces.

Inventory:

Hand Weapons
 a - a +0 flail (weapon)
Armour
 b - a +0 scale mail (worn)
 c - a +0 kite shield (worn)
Magical Staves
 f - a staff of fire
Scrolls
 e - a scroll of enchant armour {unknown}
 g - a scroll of identify {unknown}


   Skills:
 + Level 3.0 Fighting
 + Level 2.0 Maces & Flails
 + Level 2.4 Armour
 + Level 2.4 Shields


You couldn't memorise any spells.
You didn't know any spells.
Your spell library was empty.

Dungeon Overview and Level Annotations

Branches:
Dungeon (1/15)

Altars:


Innate Abilities, Weirdness & Mutations

You are completely covered in rugged brown scales. (AC +3, +7% HP)
You have supernaturally acute eyesight. (SInv)
Armour fits poorly on your strangely shaped body.
You can roll at nearby foes to attack.
You have a long armoured tail.


Message History

The bat moves out of view.
You see here 10 gold pieces.
You miss the bat. The bat hits you but does no damage. x2
The bat barely misses you. The bat hits you but does no damage.
You block the bat's attack.
An endoplasm comes into view.
Found a stone staircase leading down.
The endoplasm quivers.
You block the bat's attack. The bat hits you but does no damage.
You hit the bat.
You kill the bat!
You hit the endoplasm.
Your tail-slap misses the endoplasm.
The endoplasm is lightly wounded.
The endoplasm barely misses you.
You barely miss the endoplasm.
The endoplasm is lightly wounded.
You block the endoplasm's attack. The endoplasm freezes you.
You are frozen.
You barely miss the endoplasm.
The endoplasm is lightly wounded.
The endoplasm freezes you.
You are frozen.
The endoplasm freezes you.
You are frozen.
You hit the endoplasm but do no damage. You tail-slap the endoplasm.
The endoplasm is heavily wounded.
You block the endoplasm's attack.
You hit the endoplasm but do no damage.
The endoplasm is heavily wounded.
The endoplasm freezes you.
You are frozen.
The endoplasm freezes you.
You are frozen.
* * * LOW HITPOINT WARNING * * *
You feel very mighty all of a sudden. The endoplasm freezes you.
You are frozen.
You die...

#. #.# #. #.# #.
#.# #. #.# #. #.#
#. ##.##
#######.##$..#
#......#...#......
#@##...###..
......J.....##
..>.....#####
..#######


You could see an endoplasm.

Vanquished Creatures
  A bat (D:1)
1 creature vanquished.

Notes
Turn   | Place    | Note
-------+----------+-------------------------------------------
     0 | D:1      | BlueGoblin the Palentonga Fighter began the quest for the
                  | Orb.
     0 | D:1      | Reached XP level 1. HP: 19/19 MP: 1/1
    44 | D:1      | Frozen to death by an endoplasm

Illustrated notes

Levels and vault maps discovered:
D:1:      nzn_arrival_settlement, layout_loops_ring,
          hellmonk_ecumenical_altar_dog_temple

Action                   || total
-------------------------++-------
Melee: Flail             ||     7
       Tailslap          ||     1
  Use: Potion            ||     1
Armor: Scale mail        ||     4
Dodge: Dodged            ||     2
Block: Kite shield       ||     4

Table legend: (Time is in decaauts)
 A = Elapsed time spent in this place.
 B = Non-inter-level travel time spent in this place.
 C = Inter-level travel time spent in this place.
 D = Time resting spent in this place.
 E = Time spent auto-exploring this place.
 F = Levels seen in this place.
 G = Mean time per level.
                   A        B        C        D        E       F      G
               +--------+--------+--------+--------+--------+-----+--------+
         Total |     47 |     47 |      0 |      0 |     25 |   1 |   47.0 |
       Dungeon |     47 |     47 |      0 |      0 |     25 |   1 |   47.0 |
               +--------+--------+--------+--------+--------+-----+--------+

Top non-repeatable levels by time:
     D:1: 47 daAuts
